[ PARTIDA AOE2 · #487429307 ]
UnrankedTurcos vs Franks
[ ANÁLISIS DE REPETICIÓN · EXTRAÍDO DE LA PARTIDA GRABADA ]
Feudal
12:38
Castillos
16:33
Imperial
21:27
| APM promedio | 32.3 |
| APM pico | 81 |
| eAPM promedio | 17.6 |
| Aldeanos / militares | 62 / 48 |
Foco
⚔️ 25.9% · 🌾 74.1%
Hand Cannoneer ×40 · Bombard Cannon ×5 · Archer ×3
Feudal
12:18
Castillos
16:45
Imperial
—
| APM promedio | 28.7 |
| APM pico | 62 |
| eAPM promedio | 15.7 |
| Aldeanos / militares | 71 / 41 |
Foco
⚔️ 19.9% · 🌾 80.1%
Knight ×36 · Scout Cavalry ×3 · Monk ×2
Feudal
11:33
Castillos
15:21
Imperial
—
| APM promedio | 23.4 |
| APM pico | 88 |
| eAPM promedio | 10.7 |
| Aldeanos / militares | 51 / 13 |
Foco
⚔️ 17.2% · 🌾 82.8%
Conquistador ×8 · Petard ×5
Feudal
10:32
Castillos
14:04
Imperial
—
| APM promedio | 26.8 |
| APM pico | 72 |
| eAPM promedio | 13.1 |
| Aldeanos / militares | 76 / 41 |
Foco
⚔️ 23.7% · 🌾 76.3%
Magyar Huszar ×38 · Monk ×3
Feudal
—
Castillos
—
Imperial
—
| APM promedio | 22.0 |
| APM pico | 61 |
| eAPM promedio | 12.4 |
| Aldeanos / militares | 60 / 39 |
Foco
⚔️ 27.6% · 🌾 72.4%
Hand Cannoneer ×30 · Bombard Cannon ×9
Feudal
11:32
Castillos
15:40
Imperial
—
| APM promedio | 34.3 |
| APM pico | 93 |
| eAPM promedio | 20.3 |
| Aldeanos / militares | 83 / 47 |
Foco
⚔️ 18.4% · 🌾 81.6%
Knight ×43 · Monk ×3 · Spearman ×1
Mapa de la partida
Recursos iniciales + cada clic de construcción. Líneas = muros · curvas = relieve. ◆ oro · ⬟ piedra · ● bayas · ✦ reliquia · ◌ hueco del cierre
Tu base· ✓ Cerrada en 16:33 · 0t muro · 2 puerta(s)
Base de [AEL] Aeroalisson· ✓ Cerrada en 16:45 · 0t muro · 2 puerta(s)
Base de Grizza· ✓ Cerrada en 15:21 · 0t muro · 3 puerta(s)
Base de LMG_Leonardo· ✓ Cerrada en 14:04 · 0t muro · 3 puerta(s)
Base de Girlceto· ✓ Cerrada en 13:45 · 3t muro · 3 puerta(s)
Base de LMG_HERA DE TEMU· ✓ Cerrada en 15:40 · 0t muro · 2 puerta(s)
Terreno inicial suavizado · ◌ = hueco del cierre detectado · pasá el cursor para detalles
Inputs por minuto
— LMG_SON SABANDIJAS - - [AEL] Aeroalisson
Build order — LMG_SON SABANDIJAS
Primeras 150 de 179 acciones detectadas
| 0:01 | Crear | Villager (Male) |
| 0:01 | Crear | Villager (Male) |
| 0:02 | Crear | Villager (Male) |
| 0:03 | Construir | House |
| 0:06 | Construir | House |
| 0:14 | Crear | Villager (Male) |
| 0:14 | Crear | Villager (Male) |
| 1:29 | Crear | Villager (Male) |
| 1:29 | Crear | Villager (Male) |
| 1:30 | Crear | Villager (Male) |
| 1:46 | Construir | Lumber Camp |
| 1:55 | Crear | Villager (Male) |
| 1:55 | Crear | Villager (Male) |
| 2:26 | Crear | Villager (Male) |
| 2:27 | Crear | Villager (Male) |
| 2:43 | Crear | Villager (Male) |
| 2:44 | Crear | Villager (Male) |
| 3:07 | Crear | Villager (Male) |
| 3:07 | Crear | Villager (Male) |
| 3:08 | Crear | Villager (Male) |
| 3:38 | Crear | Villager (Male) |
| 4:05 | Crear | Villager (Male) |
| 4:09 | Construir | House |
| 4:20 | Crear | Villager (Male) |
| 4:39 | Crear | Villager (Male) |
| 4:39 | Crear | Villager (Male) |
| 4:42 | Construir | House |
| 4:45 | Construir | House |
| 4:56 | Crear | Villager (Male) |
| 4:56 | Crear | Villager (Male) |
| 5:06 | Construir | Mill |
| 5:16 | Crear | Villager (Male) |
| 5:16 | Crear | Villager (Male) |
| 5:52 | Crear | Villager (Male) |
| 5:52 | Crear | Villager (Male) |
| 6:11 | Construir | House |
| 6:44 | Crear | Villager (Male) |
| 6:44 | Crear | Villager (Male) |
| 6:55 | Construir | Mining Camp |
| 6:56 | Crear | Villager (Male) |
| 6:57 | Crear | Villager (Male) |
| 7:40 | Crear | Villager (Male) |
| 7:40 | Crear | Villager (Male) |
| 7:46 | Crear | Villager (Male) |
| 7:46 | Crear | Villager (Male) |
| 7:57 | Construir | Farm |
| 8:01 | Construir | Farm |
| 8:19 | Crear | Villager (Male) |
| 8:28 | Construir | Farm |
| 8:29 | Crear | Villager (Male) |
| 8:30 | Crear | Villager (Male) |
| 8:48 | Crear | Villager (Male) |
| 8:53 | Construir | Lumber Camp |
| 9:41 | Construir | Farm |
| 9:43 | Crear | Villager (Male) |
| 10:07 | Construir | Farm |
| 10:18 | Investigar | Feudal Age |
| 11:10 | Crear | Villager (Male) |
| 11:10 | Crear | Villager (Male) |
| 11:10 | Crear | Villager (Male) |
| 12:38 | Edad | Edad Feudal |
| 12:40 | Construir | Market |
| 12:43 | Construir | Blacksmith |
| 12:47 | Investigar | Horse Collar |
| 12:48 | Investigar | Double-Bit Axe |
| 13:48 | Construir | House |
| 13:51 | Investigar | Castle Age |
| 14:04 | Construir | House |
| 14:12 | Crear | Villager (Male) |
| 14:12 | Crear | Villager (Male) |
| 14:38 | Construir | Farm |
| 14:39 | Construir | Farm |
| 16:03 | Construir | Farm |
| 16:03 | Construir | Farm |
| 16:04 | Construir | Farm |
| 16:04 | Construir | Farm |
| 16:04 | Construir | Farm |
| 16:20 | Crear | Villager (Male) |
| 16:33 | Edad | Edad de los Castillos |
| 16:39 | Construir | Siege Workshop |
| 17:28 | Construir | Monastery |
| 18:12 | Construir | Stone Wall |
| 18:17 | Investigar | Imperial Age |
| 18:33 | Construir | Stone Wall |
| 19:05 | Construir | Farm |
| 19:13 | Construir | Farm |
| 19:21 | Construir | Barracks |
| 19:26 | Crear | Villager (Male) |
| 19:26 | Crear | Villager (Male) |
| 19:33 | Construir | Farm |
| 19:33 | Construir | Farm |
| 19:34 | Construir | Farm |
| 19:34 | Construir | Farm |
| 20:25 | Construir | Archery Range |
| 20:39 | Investigar | Padded Archer Armor |
| 21:27 | Edad | Edad Imperial |
| 21:28 | Crear | Bombard Cannon |
| 21:29 | Crear | Bombard Cannon |
| 21:30 | Crear | Hand Cannoneer |
| 21:31 | Crear | Hand Cannoneer |
| 21:31 | Crear | Hand Cannoneer |
| 21:52 | Crear | Bombard Cannon |
| 21:54 | Crear | Villager (Male) |
| 21:54 | Crear | Villager (Male) |
| 22:02 | Crear | Villager (Male) |
| 22:08 | Crear | Hand Cannoneer |
| 22:16 | Construir | House |
| 22:31 | Construir | House |
| 22:34 | Construir | House |
| 22:55 | Crear | Hand Cannoneer |
| 22:55 | Crear | Hand Cannoneer |
| 22:58 | Construir | Archery Range |
| 23:07 | Construir | House |
| 23:17 | Crear | Hand Cannoneer |
| 23:18 | Crear | Hand Cannoneer |
| 23:30 | Crear | Hand Cannoneer |
| 23:31 | Crear | Hand Cannoneer |
| 23:57 | Construir | House |
| 24:08 | Construir | House |
| 24:12 | Crear | Archer |
| 24:12 | Crear | Archer |
| 24:13 | Crear | Archer |
| 24:18 | Construir | House |
| 24:20 | Crear | Villager (Male) |
| 24:20 | Crear | Villager (Male) |
| 24:20 | Crear | Villager (Male) |
| 24:21 | Crear | Villager (Male) |
| 24:22 | Crear | Hand Cannoneer |
| 24:22 | Crear | Hand Cannoneer |
| 24:22 | Crear | Hand Cannoneer |
| 24:26 | Construir | House |
| 24:32 | Crear | Hand Cannoneer |
| 24:33 | Crear | Hand Cannoneer |
| 24:40 | Crear | Hand Cannoneer |
| 24:41 | Crear | Hand Cannoneer |
| 24:45 | Crear | Villager (Male) |
| 25:11 | Construir | House |
| 25:15 | Construir | House |
| 25:23 | Investigar | Wheelbarrow |
| 25:24 | Investigar | Loom |
| 25:35 | Crear | Villager (Male) |
| 25:39 | Construir | House |
| 25:42 | Crear | Hand Cannoneer |
| 25:43 | Crear | Hand Cannoneer |
| 25:53 | Investigar | Leather Archer Armor |
| 25:53 | Investigar | Leather Archer Armor |
| 25:58 | Construir | House |
| 26:06 | Construir | House |
| 26:06 | Construir | House |
| 26:08 | Construir | House |
Build order — [AEL] Aeroalisson
Primeras 150 de 189 acciones detectadas
| 0:07 | Crear | Villager (Male) |
| 0:07 | Crear | Villager (Male) |
| 0:08 | Crear | Villager (Male) |
| 0:08 | Crear | Villager (Male) |
| 0:10 | Construir | House |
| 0:12 | Construir | House |
| 1:32 | Crear | Villager (Male) |
| 1:52 | Crear | Villager (Male) |
| 1:52 | Crear | Villager (Male) |
| 2:20 | Construir | Lumber Camp |
| 2:27 | Crear | Villager (Male) |
| 2:27 | Crear | Villager (Male) |
| 2:50 | Crear | Villager (Male) |
| 3:07 | Construir | House |
| 3:16 | Crear | Villager (Male) |
| 3:17 | Crear | Villager (Male) |
| 3:20 | Construir | House |
| 3:28 | Construir | House |
| 3:42 | Crear | Villager (Male) |
| 4:13 | Crear | Villager (Male) |
| 4:23 | Construir | House |
| 5:06 | Crear | Villager (Male) |
| 5:06 | Crear | Villager (Male) |
| 5:06 | Crear | Villager (Male) |
| 5:36 | Construir | Mill |
| 6:13 | Crear | Villager (Male) |
| 6:14 | Crear | Villager (Male) |
| 6:14 | Crear | Villager (Male) |
| 6:48 | Crear | Villager (Male) |
| 6:48 | Crear | Villager (Male) |
| 7:52 | Crear | Villager (Male) |
| 7:53 | Crear | Villager (Male) |
| 7:53 | Crear | Villager (Male) |
| 8:12 | Crear | Villager (Male) |
| 8:32 | Construir | Mining Camp |
| 9:46 | Construir | Barracks |
| 9:49 | Construir | House |
| 9:52 | Investigar | Feudal Age |
| 10:29 | Construir | Farm |
| 10:29 | Construir | Farm |
| 10:30 | Construir | Farm |
| 10:30 | Construir | Farm |
| 11:02 | Construir | Farm |
| 11:21 | Construir | Farm |
| 11:28 | Crear | Villager (Male) |
| 11:28 | Crear | Villager (Male) |
| 11:36 | Investigar | Loom |
| 12:18 | Edad | Edad Feudal |
| 12:21 | Construir | Stable |
| 12:30 | Construir | Farm |
| 12:35 | Construir | Farm |
| 12:43 | Construir | Farm |
| 12:57 | Construir | Blacksmith |
| 13:33 | Crear | Villager (Male) |
| 13:42 | Construir | Farm |
| 14:05 | Investigar | Castle Age |
| 14:05 | Investigar | Castle Age |
| 14:17 | Construir | Farm |
| 14:17 | Construir | Farm |
| 14:17 | Construir | Farm |
| 14:18 | Construir | Farm |
| 14:18 | Construir | Farm |
| 14:18 | Construir | Farm |
| 14:30 | Investigar | Double-Bit Axe |
| 14:59 | Construir | Farm |
| 15:16 | Investigar | Gold Mining |
| 15:22 | Investigar | Scale Barding Armor |
| 15:27 | Construir | House |
| 15:35 | Construir | House |
| 15:54 | Construir | Farm |
| 16:00 | Crear | Villager (Male) |
| 16:04 | Construir | Farm |
| 16:34 | Investigar | Forging |
| 16:45 | Edad | Edad de los Castillos |
| 16:47 | Crear | Villager (Male) |
| 16:49 | Crear | Knight |
| 16:49 | Crear | Knight |
| 16:50 | Crear | Knight |
| 17:05 | Construir | Lumber Camp |
| 17:18 | Construir | Farm |
| 17:18 | Construir | Farm |
| 17:21 | Crear | Villager (Male) |
| 17:22 | Crear | Knight |
| 17:40 | Crear | Villager (Male) |
| 17:53 | Crear | Knight |
| 18:06 | Crear | Villager (Male) |
| 18:24 | Investigar | Chain Barding Armor |
| 18:24 | Investigar | Chain Barding Armor |
| 18:35 | Crear | Knight |
| 18:46 | Crear | Villager (Male) |
| 19:00 | Construir | Monastery |
| 19:06 | Crear | Knight |
| 19:08 | Crear | Scout Cavalry |
| 19:18 | Crear | Villager (Male) |
| 19:19 | Crear | Villager (Male) |
| 19:19 | Crear | Villager (Male) |
| 19:19 | Crear | Villager (Male) |
| 19:24 | Construir | Farm |
| 19:24 | Construir | Farm |
| 19:30 | Construir | House |
| 19:31 | Construir | House |
| 19:47 | Crear | Villager (Male) |
| 19:49 | Crear | Knight |
| 19:53 | Crear | Monk |
| 19:54 | Crear | Monk |
| 19:56 | Construir | House |
| 19:57 | Construir | House |
| 20:11 | Crear | Villager (Male) |
| 20:11 | Crear | Villager (Male) |
| 20:22 | Crear | Villager (Male) |
| 20:42 | Crear | Knight |
| 20:46 | Crear | Knight |
| 21:04 | Crear | Villager (Male) |
| 21:14 | Construir | Town Center |
| 21:19 | Crear | Knight |
| 21:20 | Crear | Scout Cavalry |
| 21:20 | Crear | Villager (Male) |
| 21:21 | Crear | Villager (Male) |
| 21:53 | Crear | Villager (Male) |
| 21:53 | Crear | Villager (Male) |
| 21:55 | Crear | Knight |
| 21:56 | Crear | Knight |
| 22:06 | Crear | Villager (Male) |
| 22:06 | Crear | Villager (Male) |
| 22:29 | Crear | Knight |
| 22:29 | Crear | Knight |
| 22:40 | Crear | Villager (Male) |
| 23:02 | Crear | Villager (Male) |
| 23:02 | Crear | Villager (Male) |
| 23:02 | Crear | Villager (Male) |
| 23:16 | Crear | Villager (Male) |
| 23:18 | Crear | Knight |
| 23:19 | Crear | Knight |
| 23:52 | Investigar | Husbandry |
| 23:56 | Construir | Stable |
| 24:41 | Crear | Knight |
| 24:42 | Crear | Knight |
| 24:45 | Construir | House |
| 24:46 | Construir | House |
| 24:46 | Construir | House |
| 25:01 | Investigar | Iron Casting |
| 25:02 | Investigar | Iron Casting |
| 25:09 | Crear | Villager (Male) |
| 25:10 | Crear | Villager (Male) |
| 25:25 | Crear | Knight |
| 25:26 | Crear | Knight |
| 25:26 | Crear | Knight |
| 25:31 | Crear | Villager (Male) |
| 25:31 | Crear | Villager (Male) |
| 25:32 | Crear | Villager (Male) |
Build order — Grizza
117 acciones detectadas en el replay
| 0:00 | Crear | Villager (Male) |
| 0:00 | Crear | Villager (Male) |
| 0:00 | Crear | Villager (Male) |
| 0:01 | Crear | Villager (Male) |
| 0:01 | Crear | Villager (Male) |
| 0:04 | Construir | House |
| 0:05 | Construir | House |
| 1:26 | Crear | Villager (Male) |
| 1:53 | Crear | Villager (Male) |
| 2:35 | Construir | Lumber Camp |
| 2:38 | Investigar | Loom |
| 2:45 | Crear | Villager (Male) |
| 2:46 | Crear | Villager (Male) |
| 3:18 | Crear | Villager (Male) |
| 3:29 | Construir | House |
| 4:23 | Crear | Villager (Male) |
| 4:24 | Crear | Villager (Male) |
| 4:24 | Crear | Villager (Male) |
| 4:30 | Construir | House |
| 4:37 | Crear | Villager (Male) |
| 5:28 | Construir | Mill |
| 5:34 | Crear | Villager (Male) |
| 6:15 | Crear | Villager (Male) |
| 6:20 | Crear | Villager (Male) |
| 6:39 | Crear | Villager (Male) |
| 6:55 | Crear | Villager (Male) |
| 7:04 | Construir | Mining Camp |
| 7:09 | Crear | Villager (Male) |
| 7:32 | Crear | Villager (Male) |
| 8:07 | Construir | House |
| 8:37 | Crear | Villager (Male) |
| 9:03 | Investigar | Feudal Age |
| 9:35 | Crear | Villager (Male) |
| 9:35 | Crear | Villager (Male) |
| 10:28 | Construir | Farm |
| 10:31 | Construir | Farm |
| 11:33 | Edad | Edad Feudal |
| 11:45 | Construir | Market |
| 11:49 | Construir | Blacksmith |
| 12:41 | Investigar | Castle Age |
| 12:53 | Construir | Mining Camp |
| 13:17 | Crear | Villager (Male) |
| 13:18 | Crear | Villager (Male) |
| 13:37 | Construir | House |
| 13:38 | Construir | House |
| 15:21 | Edad | Edad de los Castillos |
| 15:33 | Crear | Villager (Male) |
| 15:35 | Construir | Farm |
| 15:35 | Construir | Farm |
| 15:36 | Construir | Farm |
| 16:03 | Construir | Castle |
| 16:26 | Crear | Villager (Male) |
| 16:35 | Investigar | Fletching |
| 17:31 | Crear | Villager (Male) |
| 17:33 | Crear | Villager (Male) |
| 17:47 | Investigar | Bodkin Arrow |
| 17:56 | Crear | Petard |
| 18:20 | Construir | Farm |
| 18:21 | Construir | Farm |
| 18:21 | Construir | Farm |
| 18:21 | Construir | Farm |
| 18:22 | Construir | Farm |
| 18:27 | Investigar | Double-Bit Axe |
| 18:52 | Crear | Villager (Male) |
| 19:13 | Crear | Conquistador |
| 19:30 | Construir | Farm |
| 19:30 | Construir | Farm |
| 19:43 | Construir | Farm |
| 19:43 | Construir | Farm |
| 19:43 | Construir | Farm |
| 20:23 | Crear | Petard |
| 20:40 | Crear | Conquistador |
| 20:43 | Crear | Villager (Male) |
| 20:43 | Crear | Villager (Male) |
| 20:43 | Crear | Villager (Male) |
| 20:47 | Construir | Farm |
| 20:47 | Construir | Farm |
| 21:04 | Crear | Petard |
| 21:18 | Crear | Conquistador |
| 21:56 | Crear | Conquistador |
| 22:32 | Crear | Conquistador |
| 22:50 | Crear | Conquistador |
| 23:06 | Crear | Villager (Male) |
| 23:06 | Crear | Villager (Male) |
| 23:06 | Crear | Villager (Male) |
| 23:10 | Construir | Farm |
| 23:11 | Construir | Farm |
| 23:16 | Crear | Petard |
| 23:16 | Crear | Petard |
| 23:41 | Crear | Conquistador |
| 24:11 | Crear | Conquistador |
| 24:17 | Crear | Villager (Male) |
| 24:17 | Crear | Villager (Male) |
| 24:25 | Construir | Farm |
| 24:25 | Construir | Farm |
| 24:38 | Crear | Villager (Male) |
| 24:39 | Crear | Villager (Male) |
| 25:17 | Construir | House |
| 25:18 | Construir | House |
| 25:20 | Construir | House |
| 25:21 | Construir | House |
| 25:23 | Crear | Villager (Male) |
| 25:26 | Investigar | Wheelbarrow |
| 25:28 | Crear | Villager (Male) |
| 25:28 | Crear | Villager (Male) |
| 25:28 | Crear | Villager (Male) |
| 25:33 | Construir | Farm |
| 25:40 | Investigar | Horse Collar |
| 26:43 | Construir | Stone Wall |
| 27:10 | Crear | Villager (Male) |
| 27:10 | Crear | Villager (Male) |
| 27:19 | Crear | Villager (Male) |
| 27:19 | Crear | Villager (Male) |
| 27:45 | Crear | Villager (Male) |
| 27:45 | Crear | Villager (Male) |
| 28:30 | Construir | Farm |
| 28:30 | Construir | Farm |
Build order — LMG_Leonardo
Primeras 150 de 199 acciones detectadas
| 0:01 | Crear | Villager (Male) |
| 0:01 | Crear | Villager (Male) |
| 0:01 | Crear | Villager (Male) |
| 0:02 | Construir | House |
| 0:04 | Construir | House |
| 0:42 | Crear | Villager (Male) |
| 0:42 | Crear | Villager (Male) |
| 1:27 | Crear | Villager (Male) |
| 1:27 | Crear | Villager (Male) |
| 1:44 | Construir | Lumber Camp |
| 1:54 | Crear | Villager (Male) |
| 1:54 | Crear | Villager (Male) |
| 2:25 | Crear | Villager (Male) |
| 2:57 | Crear | Villager (Male) |
| 2:57 | Crear | Villager (Male) |
| 2:57 | Crear | Villager (Male) |
| 3:29 | Crear | Villager (Male) |
| 3:51 | Construir | House |
| 3:59 | Construir | House |
| 4:02 | Crear | Villager (Male) |
| 4:02 | Crear | Villager (Male) |
| 4:17 | Construir | Mill |
| 4:24 | Construir | House |
| 4:30 | Crear | Villager (Male) |
| 4:31 | Crear | Villager (Male) |
| 4:49 | Crear | Villager (Male) |
| 4:49 | Crear | Villager (Male) |
| 5:20 | Crear | Villager (Male) |
| 5:20 | Crear | Villager (Male) |
| 5:20 | Crear | Villager (Male) |
| 5:38 | Crear | Villager (Male) |
| 5:38 | Crear | Villager (Male) |
| 6:15 | Crear | Villager (Male) |
| 6:15 | Crear | Villager (Male) |
| 6:37 | Crear | Villager (Male) |
| 7:38 | Construir | Mining Camp |
| 7:52 | Crear | Villager (Male) |
| 8:17 | Investigar | Feudal Age |
| 9:01 | Crear | Villager (Male) |
| 9:01 | Crear | Villager (Male) |
| 9:56 | Construir | Farm |
| 10:32 | Edad | Edad Feudal |
| 10:33 | Construir | Market |
| 10:37 | Construir | Blacksmith |
| 11:16 | Construir | Mining Camp |
| 11:24 | Investigar | Castle Age |
| 11:24 | Investigar | Castle Age |
| 11:59 | Investigar | Double-Bit Axe |
| 12:28 | Construir | House |
| 12:31 | Construir | House |
| 13:20 | Crear | Villager (Male) |
| 13:20 | Crear | Villager (Male) |
| 13:20 | Crear | Villager (Male) |
| 13:21 | Crear | Villager (Male) |
| 13:21 | Crear | Villager (Male) |
| 13:40 | Construir | House |
| 14:04 | Edad | Edad de los Castillos |
| 14:13 | Construir | Castle |
| 14:23 | Construir | Monastery |
| 14:29 | Crear | Villager (Male) |
| 14:29 | Crear | Villager (Male) |
| 14:29 | Crear | Villager (Male) |
| 14:30 | Crear | Villager (Male) |
| 15:02 | Construir | Farm |
| 15:09 | Crear | Monk |
| 15:25 | Crear | Magyar Huszar |
| 15:30 | Construir | Farm |
| 15:33 | Construir | Farm |
| 15:37 | Crear | Magyar Huszar |
| 15:51 | Crear | Villager (Male) |
| 15:59 | Construir | Farm |
| 16:02 | Construir | Farm |
| 16:23 | Crear | Monk |
| 16:43 | Crear | Villager (Male) |
| 16:46 | Construir | Farm |
| 16:49 | Construir | Farm |
| 16:54 | Construir | Farm |
| 17:00 | Construir | Farm |
| 17:42 | Crear | Villager (Male) |
| 17:42 | Crear | Villager (Male) |
| 17:44 | Crear | Magyar Huszar |
| 17:44 | Crear | Magyar Huszar |
| 17:47 | Construir | Farm |
| 17:51 | Construir | Lumber Camp |
| 17:58 | Construir | Farm |
| 18:02 | Construir | Farm |
| 18:03 | Construir | Farm |
| 18:07 | Crear | Magyar Huszar |
| 18:07 | Crear | Magyar Huszar |
| 18:25 | Construir | Farm |
| 18:38 | Crear | Villager (Male) |
| 18:41 | Crear | Magyar Huszar |
| 18:41 | Crear | Magyar Huszar |
| 18:41 | Crear | Magyar Huszar |
| 18:42 | Crear | Magyar Huszar |
| 18:42 | Crear | Magyar Huszar |
| 18:49 | Construir | Farm |
| 18:59 | Construir | Farm |
| 19:00 | Construir | Farm |
| 19:03 | Construir | Farm |
| 19:07 | Crear | Villager (Male) |
| 19:08 | Crear | Villager (Male) |
| 19:20 | Construir | Farm |
| 19:44 | Construir | Farm |
| 19:46 | Crear | Villager (Male) |
| 19:50 | Investigar | Scale Barding Armor |
| 20:26 | Crear | Villager (Male) |
| 20:27 | Crear | Villager (Male) |
| 20:34 | Construir | Barracks |
| 20:37 | Construir | House |
| 20:39 | Construir | House |
| 20:42 | Investigar | Chain Barding Armor |
| 21:19 | Crear | Villager (Male) |
| 21:19 | Crear | Villager (Male) |
| 21:48 | Crear | Villager (Male) |
| 21:56 | Construir | Stable |
| 22:01 | Crear | Villager (Male) |
| 22:02 | Crear | Villager (Male) |
| 22:28 | Construir | Town Center |
| 22:30 | Crear | Villager (Male) |
| 22:31 | Crear | Villager (Male) |
| 22:48 | Crear | Magyar Huszar |
| 22:48 | Crear | Magyar Huszar |
| 22:48 | Crear | Magyar Huszar |
| 22:49 | Crear | Magyar Huszar |
| 22:49 | Crear | Magyar Huszar |
| 23:02 | Investigar | Bloodlines |
| 23:17 | Crear | Monk |
| 23:26 | Crear | Villager (Male) |
| 23:26 | Crear | Villager (Male) |
| 23:37 | Crear | Magyar Huszar |
| 23:38 | Crear | Magyar Huszar |
| 23:57 | Crear | Villager (Male) |
| 23:57 | Crear | Villager (Male) |
| 23:57 | Crear | Villager (Male) |
| 24:09 | Crear | Magyar Huszar |
| 24:09 | Crear | Magyar Huszar |
| 24:11 | Crear | Magyar Huszar |
| 24:11 | Crear | Magyar Huszar |
| 24:20 | Crear | Villager (Male) |
| 24:20 | Crear | Villager (Male) |
| 24:46 | Crear | Villager (Male) |
| 24:46 | Crear | Villager (Male) |
| 24:47 | Crear | Magyar Huszar |
| 24:48 | Crear | Magyar Huszar |
| 24:48 | Crear | Magyar Huszar |
| 25:05 | Construir | House |
| 25:07 | Construir | House |
| 25:25 | Crear | Villager (Male) |
| 25:26 | Crear | Villager (Male) |
Build order — Girlceto
150 acciones detectadas en el replay
| 0:00 | Crear | Villager (Male) |
| 0:00 | Crear | Villager (Male) |
| 0:01 | Crear | Villager (Male) |
| 0:02 | Construir | House |
| 0:04 | Construir | House |
| 0:18 | Crear | Villager (Male) |
| 0:18 | Crear | Villager (Male) |
| 0:18 | Crear | Villager (Male) |
| 1:32 | Crear | Villager (Male) |
| 1:32 | Crear | Villager (Male) |
| 1:53 | Construir | Lumber Camp |
| 1:57 | Crear | Villager (Male) |
| 1:57 | Crear | Villager (Male) |
| 2:12 | Construir | House |
| 2:13 | Construir | House |
| 2:19 | Crear | Villager (Male) |
| 2:19 | Crear | Villager (Male) |
| 2:36 | Crear | Villager (Male) |
| 2:36 | Crear | Villager (Male) |
| 3:14 | Crear | Villager (Male) |
| 3:35 | Crear | Villager (Male) |
| 3:35 | Crear | Villager (Male) |
| 3:51 | Crear | Villager (Male) |
| 4:08 | Crear | Villager (Male) |
| 4:20 | Construir | Mill |
| 4:41 | Crear | Villager (Male) |
| 5:15 | Crear | Villager (Male) |
| 5:31 | Construir | House |
| 5:41 | Construir | House |
| 5:45 | Construir | Palisade Wall |
| 5:46 | Construir | Palisade Wall |
| 5:48 | Crear | Villager (Male) |
| 6:00 | Crear | Villager (Male) |
| 6:38 | Crear | Villager (Male) |
| 6:41 | Construir | Farm |
| 6:45 | Crear | Villager (Male) |
| 6:58 | Construir | Palisade Wall |
| 7:06 | Construir | Farm |
| 7:16 | Crear | Villager (Male) |
| 7:46 | Construir | House |
| 7:48 | Crear | Villager (Male) |
| 8:02 | Construir | Mining Camp |
| 8:04 | Crear | Villager (Male) |
| 8:37 | Crear | Villager (Male) |
| 8:56 | Crear | Villager (Male) |
| 9:13 | Crear | Villager (Male) |
| 9:23 | Investigar | Feudal Age |
| 9:25 | Investigar | Loom |
| 10:34 | Crear | Villager (Male) |
| 10:35 | Crear | Villager (Male) |
| 10:35 | Crear | Villager (Male) |
| 10:51 | Construir | Farm |
| 10:55 | Construir | Farm |
| 12:22 | Construir | Blacksmith |
| 12:27 | Construir | Market |
| 12:38 | Construir | Farm |
| 12:39 | Construir | Farm |
| 12:40 | Construir | Farm |
| 12:44 | Construir | Farm |
| 13:45 | Investigar | Castle Age |
| 15:00 | Construir | Mining Camp |
| 15:04 | Crear | Villager (Male) |
| 15:57 | Crear | Villager (Male) |
| 15:57 | Crear | Villager (Male) |
| 16:37 | Construir | Monastery |
| 16:48 | Construir | Siege Workshop |
| 17:25 | Investigar | Imperial Age |
| 17:51 | Investigar | Double-Bit Axe |
| 18:29 | Crear | Villager (Male) |
| 18:29 | Crear | Villager (Male) |
| 19:12 | Construir | Barracks |
| 19:21 | Construir | House |
| 19:21 | Construir | House |
| 19:23 | Construir | House |
| 19:50 | Construir | Archery Range |
| 20:00 | Construir | Archery Range |
| 20:20 | Crear | Villager (Male) |
| 20:20 | Crear | Villager (Male) |
| 20:32 | Investigar | Gold Mining |
| 20:56 | Crear | Bombard Cannon |
| 21:09 | Crear | Bombard Cannon |
| 21:09 | Crear | Bombard Cannon |
| 21:16 | Crear | Hand Cannoneer |
| 21:16 | Crear | Hand Cannoneer |
| 21:25 | Construir | House |
| 21:28 | Crear | Hand Cannoneer |
| 21:44 | Construir | House |
| 21:46 | Crear | Hand Cannoneer |
| 21:51 | Crear | Villager (Male) |
| 21:53 | Crear | Villager (Male) |
| 22:05 | Crear | Hand Cannoneer |
| 22:06 | Crear | Hand Cannoneer |
| 22:12 | Construir | House |
| 22:24 | Crear | Villager (Male) |
| 22:25 | Crear | Villager (Male) |
| 22:40 | Construir | House |
| 22:54 | Crear | Hand Cannoneer |
| 22:54 | Crear | Hand Cannoneer |
| 22:59 | Crear | Hand Cannoneer |
| 22:59 | Crear | Hand Cannoneer |
| 22:59 | Crear | Hand Cannoneer |
| 23:00 | Crear | Hand Cannoneer |
| 23:16 | Crear | Villager (Male) |
| 23:16 | Crear | Villager (Male) |
| 23:16 | Crear | Villager (Male) |
| 23:27 | Crear | Villager (Male) |
| 23:41 | Crear | Hand Cannoneer |
| 23:41 | Crear | Hand Cannoneer |
| 24:08 | Crear | Villager (Male) |
| 24:11 | Crear | Hand Cannoneer |
| 24:11 | Crear | Hand Cannoneer |
| 24:11 | Crear | Hand Cannoneer |
| 24:11 | Crear | Hand Cannoneer |
| 25:07 | Crear | Villager (Male) |
| 25:07 | Crear | Villager (Male) |
| 25:08 | Crear | Hand Cannoneer |
| 25:08 | Crear | Hand Cannoneer |
| 25:24 | Crear | Bombard Cannon |
| 25:24 | Crear | Bombard Cannon |
| 25:29 | Crear | Bombard Cannon |
| 25:34 | Crear | Hand Cannoneer |
| 25:39 | Crear | Bombard Cannon |
| 25:43 | Crear | Villager (Male) |
| 26:05 | Crear | Villager (Male) |
| 26:27 | Crear | Villager (Male) |
| 26:46 | Construir | Mining Camp |
| 26:50 | Crear | Bombard Cannon |
| 26:50 | Crear | Bombard Cannon |
| 27:00 | Crear | Villager (Male) |
| 27:02 | Crear | Hand Cannoneer |
| 27:02 | Crear | Hand Cannoneer |
| 27:03 | Crear | Hand Cannoneer |
| 27:03 | Crear | Hand Cannoneer |
| 27:17 | Construir | House |
| 27:19 | Construir | House |
| 27:25 | Crear | Villager (Male) |
| 27:29 | Crear | Hand Cannoneer |
| 27:29 | Crear | Hand Cannoneer |
| 27:30 | Crear | Hand Cannoneer |
| 27:38 | Crear | Villager (Male) |
| 27:41 | Construir | Farm |
| 27:51 | Construir | House |
| 27:52 | Construir | House |
| 27:53 | Construir | House |
| 27:55 | Construir | House |
| 28:03 | Crear | Hand Cannoneer |
| 28:03 | Crear | Hand Cannoneer |
| 28:05 | Crear | Villager (Male) |
| 28:42 | Construir | Town Center |
| 28:44 | Crear | Villager (Male) |
Build order — LMG_HERA DE TEMU
Primeras 150 de 228 acciones detectadas
| 0:02 | Crear | Villager (Male) |
| 0:02 | Crear | Villager (Male) |
| 0:02 | Crear | Villager (Male) |
| 0:03 | Crear | Villager (Male) |
| 0:03 | Crear | Villager (Male) |
| 0:04 | Construir | House |
| 0:05 | Construir | House |
| 1:29 | Crear | Villager (Male) |
| 1:30 | Crear | Villager (Male) |
| 1:57 | Crear | Villager (Male) |
| 1:57 | Crear | Villager (Male) |
| 2:15 | Crear | Villager (Male) |
| 2:15 | Crear | Villager (Male) |
| 2:20 | Construir | Lumber Camp |
| 2:50 | Crear | Villager (Male) |
| 2:50 | Crear | Villager (Male) |
| 2:52 | Crear | Villager (Male) |
| 2:52 | Crear | Villager (Male) |
| 3:04 | Construir | House |
| 3:05 | Construir | House |
| 3:07 | Construir | House |
| 3:42 | Construir | House |
| 3:49 | Investigar | Loom |
| 3:53 | Crear | Villager (Male) |
| 3:53 | Crear | Villager (Male) |
| 3:53 | Crear | Villager (Male) |
| 3:54 | Crear | Villager (Male) |
| 5:19 | Crear | Villager (Male) |
| 5:20 | Crear | Villager (Male) |
| 5:26 | Construir | Mill |
| 6:27 | Crear | Villager (Male) |
| 6:27 | Crear | Villager (Male) |
| 6:27 | Crear | Villager (Male) |
| 7:37 | Construir | Mill |
| 7:41 | Crear | Villager (Male) |
| 7:41 | Crear | Villager (Male) |
| 7:41 | Crear | Villager (Male) |
| 8:27 | Crear | Villager (Male) |
| 8:37 | Construir | Farm |
| 8:38 | Construir | Farm |
| 8:40 | Construir | Farm |
| 9:11 | Construir | Mining Camp |
| 9:17 | Investigar | Feudal Age |
| 9:50 | Construir | Farm |
| 11:12 | Crear | Villager (Male) |
| 11:12 | Crear | Villager (Male) |
| 11:32 | Edad | Edad Feudal |
| 11:34 | Construir | Market |
| 12:01 | Construir | Blacksmith |
| 12:07 | Crear | Villager (Male) |
| 12:33 | Crear | Villager (Male) |
| 12:47 | Construir | House |
| 13:00 | Investigar | Castle Age |
| 13:00 | Investigar | Castle Age |
| 13:33 | Investigar | Horse Collar |
| 13:38 | Construir | House |
| 14:05 | Construir | Barracks |
| 14:31 | Investigar | Double-Bit Axe |
| 14:31 | Investigar | Double-Bit Axe |
| 15:18 | Construir | Stable |
| 15:36 | Investigar | Gold Mining |
| 15:40 | Edad | Edad de los Castillos |
| 15:45 | Crear | Villager (Male) |
| 15:46 | Crear | Villager (Male) |
| 15:46 | Crear | Villager (Male) |
| 15:53 | Construir | Monastery |
| 16:08 | Construir | Farm |
| 16:10 | Crear | Villager (Male) |
| 16:11 | Crear | Villager (Male) |
| 16:13 | Construir | House |
| 16:15 | Construir | House |
| 16:19 | Investigar | Cavalier (upgrade) |
| 16:33 | Crear | Monk |
| 16:34 | Crear | Monk |
| 16:36 | Crear | Spearman |
| 17:08 | Investigar | Scale Barding Armor |
| 17:09 | Crear | Villager (Male) |
| 17:09 | Crear | Villager (Male) |
| 17:12 | Construir | Farm |
| 17:13 | Construir | Farm |
| 17:15 | Construir | Farm |
| 17:16 | Construir | Farm |
| 17:32 | Construir | House |
| 17:34 | Construir | House |
| 17:41 | Crear | Villager (Male) |
| 17:41 | Crear | Villager (Male) |
| 17:48 | Crear | Monk |
| 18:01 | Crear | Villager (Male) |
| 18:01 | Crear | Villager (Male) |
| 18:05 | Construir | Farm |
| 18:06 | Construir | Farm |
| 18:20 | Crear | Knight |
| 18:20 | Crear | Knight |
| 18:45 | Construir | Farm |
| 18:46 | Construir | Farm |
| 18:47 | Construir | Farm |
| 18:56 | Crear | Villager (Male) |
| 18:56 | Crear | Villager (Male) |
| 19:21 | Crear | Knight |
| 19:22 | Crear | Knight |
| 19:27 | Construir | Farm |
| 19:29 | Construir | Farm |
| 19:31 | Construir | Farm |
| 19:35 | Crear | Villager (Male) |
| 19:35 | Crear | Villager (Male) |
| 19:38 | Construir | House |
| 19:39 | Construir | House |
| 19:42 | Construir | House |
| 20:25 | Crear | Knight |
| 20:25 | Crear | Knight |
| 20:25 | Crear | Knight |
| 20:40 | Construir | Town Center |
| 20:55 | Construir | House |
| 20:56 | Construir | House |
| 21:50 | Crear | Knight |
| 21:50 | Crear | Knight |
| 21:50 | Crear | Knight |
| 21:54 | Construir | Farm |
| 21:55 | Construir | Farm |
| 21:57 | Construir | Farm |
| 22:02 | Investigar | Wheelbarrow |
| 22:08 | Crear | Villager (Male) |
| 22:08 | Crear | Villager (Male) |
| 22:09 | Crear | Villager (Male) |
| 22:24 | Crear | Knight |
| 22:24 | Crear | Knight |
| 22:25 | Crear | Knight |
| 22:25 | Crear | Knight |
| 22:40 | Construir | Farm |
| 22:40 | Construir | Farm |
| 22:41 | Construir | Farm |
| 22:41 | Construir | Farm |
| 22:41 | Construir | Farm |
| 22:41 | Construir | Farm |
| 22:42 | Construir | Farm |
| 22:42 | Construir | Farm |
| 22:47 | Crear | Villager (Male) |
| 22:47 | Crear | Villager (Male) |
| 22:48 | Crear | Villager (Male) |
| 23:19 | Construir | Stable |
| 23:53 | Investigar | Chain Barding Armor |
| 23:55 | Crear | Villager (Male) |
| 23:55 | Crear | Villager (Male) |
| 23:55 | Crear | Villager (Male) |
| 23:55 | Crear | Villager (Male) |
| 24:02 | Construir | Mining Camp |
| 24:08 | Crear | Villager (Male) |
| 24:08 | Crear | Villager (Male) |
| 24:08 | Crear | Villager (Male) |
| 24:21 | Investigar | Husbandry |
Cronología de la partida
| 5:45 | Girlceto · wall_segment Palisade Wall x1 |
| 5:46 | Girlceto · wall_segment Palisade Wall x1 |
| 6:58 | Girlceto · wall_segment Palisade Wall x1 |
| 9:46 | [AEL] Aeroalisson · first_building Barracks |
| 10:32 | LMG_Leonardo · age_up feudal |
| 11:32 | LMG_HERA DE TEMU · age_up feudal |
| 11:33 | Grizza · age_up feudal |
| 12:18 | [AEL] Aeroalisson · age_up feudal |
| 12:21 | [AEL] Aeroalisson · first_building Stable |
| 12:38 | LMG_SON SABANDIJAS · age_up feudal |
| 13:34 | LMG_SON SABANDIJAS · first_market_buy 100 food |
| 13:36 | LMG_Leonardo · first_market_buy 100 stone |
| 14:04 | LMG_Leonardo · age_up castle |
| 14:05 | LMG_HERA DE TEMU · first_building Barracks |
| 14:13 | LMG_Leonardo · first_building Castle |
| 14:23 | LMG_Leonardo · first_building Monastery |
| 15:18 | LMG_HERA DE TEMU · first_building Stable |
| 15:21 | Grizza · age_up castle |
| 15:40 | LMG_HERA DE TEMU · age_up castle |
| 15:53 | LMG_HERA DE TEMU · first_building Monastery |
| 16:03 | Grizza · first_building Castle |
| 16:33 | LMG_SON SABANDIJAS · age_up castle |
| 16:37 | Girlceto · first_building Monastery |
| 16:39 | LMG_SON SABANDIJAS · first_building Siege Workshop |
| 16:45 | [AEL] Aeroalisson · age_up castle |
| 16:48 | Girlceto · first_building Siege Workshop |
| 17:03 | Girlceto · first_market_sell 500 stone |
| 17:08 | Girlceto · first_market_buy 500 food |
| 17:28 | LMG_SON SABANDIJAS · first_building Monastery |
| 17:36 | LMG_SON SABANDIJAS · first_market_sell 100 stone |
| 18:12 | LMG_SON SABANDIJAS · wall_segment Stone Wall x7 |
| 18:33 | LMG_SON SABANDIJAS · wall_segment Stone Wall x8 |
| 19:00 | [AEL] Aeroalisson · first_building Monastery |
| 19:12 | Girlceto · first_building Barracks |
| 19:21 | LMG_SON SABANDIJAS · first_building Barracks |
| 19:50 | Girlceto · first_building Archery Range |
| 20:25 | LMG_SON SABANDIJAS · first_building Archery Range |
| 20:34 | LMG_Leonardo · first_building Barracks |
| 21:27 | LMG_SON SABANDIJAS · age_up imperial |
| 21:56 | LMG_Leonardo · first_building Stable |
| 26:42 | LMG_HERA DE TEMU · first_market_buy 100 food |
| 26:43 | Grizza · wall_segment Stone Wall x26 |
| 26:55 | LMG_Leonardo · first_building Siege Workshop |
| 28:48 | Grizza · resign |
[ ANÁLISIS IA · 1 CRÉDITO ]
¿Qué pasó realmente en esta partida?
Wolo.gg analiza cada decisión: build order, eco, micro, errores típicos por bracket. Análisis personalizado por WhatsApp o Discord en 30 segundos.
Guía civ
Turcos
Perfil
Jugador #12010648